Unix NetHack Version 3.7.0-80 Work-in-progress - last build Mar 20 2023 14:09:10 (4d3a4a9e917c0f86d3594936c235e576342b1c4a,branch:master). Game began 2023-03-24 14:40:49, ended 2023-03-24 14:58:22. 9629, chaotic male elven Wizard ---------- # ----------- |.....^..| --.--- #..........| |........-###### --------- |....| #|.........| |........| ## |.......| ###-....| ##|.....<...| -|-.------ ####........| # |....| # ----...---- # # |.......| # --.--- # |...| ### |.......| # ### # |...| ## |.......| ## ### # ---.- #### --------- # --|---# # ######## # |....|# --)------ # # # |....|# |fB@.)..| # #### # # ### |....|# |.)@...[| --.-|--------.- ## |.....# |))).)))| |>............| # |....| |)).).))| |.............| --.----# |{...| |)))))))| |.........{...| |......# ------ --------- |.............-#### |.>.F[| |.............| ###########-.....| --------------- ------- 9629 the Conjurer St:13 Dx:13 Co:15 In:20 Wi:9 Ch:8 Chaotic Dlvl:3 $:63 HP:0(21) Pw:29(38) AC:8 Xp:3/40 T:1670 Latest messages: You must have been exercising diligently. You feel wise! You must have been very observant. You feel tough! You must have been leading a healthy life-style. "Hello, 9629! Welcome again to Cazelon's antique weapons outlet!" You stop. Your kitten is in the way! You see here a crossbow (for sale, 53 zorkmids). You stop. Cazelon is in the way! You see here 6 throwing stars (for sale, 42 zorkmids). You see here an axe (for sale, 11 zorkmids). You see here a silver saber (for sale, 100 zorkmids). The kitten picks up a rotted club. The kitten picks up a throwing star. "Hello, 9629! Welcome again to Cazelon's antique weapons outlet!" The kitten drops a throwing star. You see here a throwing star (no charge). J - a throwing star. The kitten picks up a crude short sword. The kitten drops a crude short sword. Pick an object. In what direction? The spell hits the bat! You kill the bat! Welcome to experience level 3. The kitten drops a rotted club. You stop. Your kitten is in the way! You stop. Your kitten is in the way! The kitten picks up a rotted club. In what direction? The spell misses the bat. The kitten drops a rotted club. You stop. Your kitten is in the way! The bat bites! You stop. Your kitten is in the way! The bat bites! "Hello, 9629! Welcome again to Cazelon's antique weapons outlet!" There is an open door here. You see here a rotted club. The bat misses! You stop. Your kitten is in the way! The bat bites! The bat bites! The bat bites! The kitten misses the bat. The bat bites! You die... Cazelon gratefully inherits all your possessions. Do you want to see what you had when you died? [ynq] (y) Do you want to see your attributes? [ynq] (y) Inventory: Coins $ - 63 gold pieces Amulets v - an uncursed amulet of unchanging (being worn) Weapons r - 4 +0 darts J - a +0 shuriken I - a +0 dagger G - a blessed +0 elven dagger p - a +0 orcish dagger (at the ready) a - a blessed +1 quarterstaff (weapon in hands) Armor H - an uncursed +0 pair of low boots (being worn) b - an uncursed +0 cloak of magic resistance (being worn) Comestibles z - an uncursed food ration y - 3 uncursed lichen corpses Scrolls i - an uncursed scroll of earth k - an uncursed scroll of enchant weapon j - a blessed scroll of magic mapping B - an uncursed scroll of remove curse w - 2 uncursed scrolls of teleportation Spellbooks l - a blessed spellbook of force bolt m - an uncursed spellbook of light Potions g - an uncursed potion of fruit juice A - a blessed potion of hallucination h - an uncursed potion of levitation f - a potion of holy water s - an uncursed potion of water Rings t - an uncursed +1 ring of increase damage e - an uncursed ring of poison resistance d - an uncursed ring of slow digestion (on right hand) q - an uncursed ring of slow digestion Wands c - a wand of enlightenment (0:11) o - a wand of make invisible (0:7) Tools n - an uncursed wooden harp x - an uncursed mirror Gems/Stones u - an uncursed touchstone 9629 the Wizard's attributes: Background: You were a Conjurer, a level 3 male elven Wizard. You were chaotic, nominally on a mission for Anhur who was opposed by Ptah (lawful) and Thoth (neutral). You were in the Dungeons of Doom, on level 3. You entered the dungeon 1670 turns ago. There was a new moon in effect when your adventure ended. You had 40 experience points, 40 more were needed to attain level 4. Basics: You had 0 out of 21 hit points. You had 29 out of 38 energy points (spell power). Your armor class was 8. Your wallet contained 63 zorkmids. Autopickup was off. Final Characteristics: Your strength was 13 (limit:18). Your dexterity was 13 (limit:18). Your constitution was 15 (limit:16). Your intelligence was 20 (limit:20). Your wisdom was 9 (limit:20). Your charisma was 8 (limit:18). Final Status: You were not hungry. You were unencumbered. You were wielding a quarterstaff. You had basic skill with quarterstaff. Final Attributes: You were devoutly aligned. You were magic-protected. You had infravision. You had slower digestion. You were warded. You could not change from your current form. You are dead. Miscellaneous: You never encountered a bones level. Total elapsed playing time was 15 minutes and 21 seconds. Major events: Turn 1: 9629 the chaotic male elven Wizard entered the dungeon 1654: attained the rank of Conjurer (level 3) 1670: killed by a bat Vanquished creatures: a hobbit 9 jackals 2 kobolds a goblin a sewer rat a grid bug a bat 5 lichens 2 kobold zombies 5 newts 28 creatures vanquished. No species were genocided or became extinct. Voluntary challenges: You were an atheist. You were illiterate. You never engraved Elbereth. You never genocided any monsters. You never polymorphed an object. You never changed form. You used no wishes. Achievements: You entered a shop. You attained the rank of Conjurer. The Dungeons of Doom: levels 1 to 3 Level 1: A fountain. Level 2: A fountain, a grave. Level 3: <- You were here. A weapon shop, some fountains. Final resting place for you, killed by a bat. Game over: ---------- / \ / REST \ / IN \ / PEACE \ / \ | 9629 | | 63 Au | | killed by a bat | | | | | | | | 2023 | *| * * * | * _________)/\\_//(\/(/\)/\//\/|_)_______ Goodbye 9629 the Wizard... You died in The Dungeons of Doom on dungeon level 3 with 317 points, and 63 pieces of gold, after 1670 moves. You were level 3 with a maximum of 21 hit points when you died.